 Dungeon Crawl Stone Soup version 0.22-a0-515-g75794bf (webtiles) character file.

70 kae the Firebug (level 4, 0/25 HPs)
             Began as a Tengu Fire Elementalist on June 19, 2018.
             Slain by a kobold
             ... wielding a +0 whip
              (4 damage)
             ... on level 3 of the Dungeon.
             The game lasted 00:01:56 (2186 turns).

kae the Firebug (Tengu Fire Elementalist)           Turns: 2186, Time: 00:01:57

Health: 0/25       AC:  2    Str:  8    XL:     4   Next: 22%
Magic:  0/8        EV: 13    Int: 13    God:
Gold:   189        SH:  0    Dex: 15    Spells: 4/7 levels left

rFire    . . .     SeeInvis .   (no weapon)
rCold    . . .     Gourm    .   (no shield)
rNeg     + . .     Faith    .   a - +0 robe
rPois    .         Spirit   .   (helmet restricted)
rElec    .         Reflect  .   (no cloak)
rCorr    .         Harm     .   (no gloves)
MR       .....                  (boots unavailable)
Stlth    ++........             (no amulet)
HPRegen  0.08/turn              b - -3 ring of intelligence (curse)
MPRegen  0.11/turn              k - ring of positive energy

@: no status effects
A: beak, talons 3
a: no special abilities


You were on level 3 of the Dungeon.
You were not hungry.

You visited 1 branch of the dungeon, and saw 3 of its levels.

You collected 189 gold pieces.

Inventory:

Armour
 a - a +0 robe (worn)
Jewellery
 b - a cursed -3 ring of intelligence (left hand)
 d - an uncursed ring of protection from magic {unknown}
 k - a ring of positive energy (right hand)
Wands
 g - a wand of acid (8)
Scrolls
 e - a scroll of identify
Potions
 f - a potion of flight
 i - a potion of agility {unknown}
 m - 2 potions of curing {unknown}
Comestibles
 c - 3 rations


   Skills:
 + Level 1.4 Fighting
 - Level 2.1 Dodging
 - Level 2.0 Stealth
 - Level 2.0 Spellcasting
 * Level 3.4 Conjurations
 * Level 4.2 Fire Magic


You had 4 spell levels left.
You knew the following spells:

 Your Spells              Type           Power        Failure   Level  Hunger
a - Flame Tongue          Conj/Fire      ##...        5%          1    ##.....
b - Throw Flame           Conj/Fire      ##....       8%          2    ###....

Your spell library contained the following spells:

 Spells                   Type           Power        Failure   Level  Hunger
 Fireball                 Conj/Fire      ##........   82%         5    ######.
 Conjure Flame            Conj/Fire      ##......     16%         3    ####...
 Sticky Flame             Conj/Fire      ##......     45%         4    #####..
 Inner Flame              Hex/Fire       #.......     32%         3    ####...


Dungeon Overview and Level Annotations

Branches:
Dungeon (3/15)

Altars:
Kikubaaqudgha
Qazlal

Annotations:
D:2 Sigmund


Innate Abilities, Weirdness & Mutations

You have a beak for a mouth.
You have claws for feet.


Message History

Aiming: Flame Tongue (safe; 5% risk of failure)
Press: ? - help, Shift-Dir - straight line, f - kobold
Aim: a kobold, wielding a whip and wearing a leather armour The flame tongue misses the kobold.
Casting: Flame Tongue (safe; 5% risk of failure)
Confirm with . or Enter, or press ? or * to list all spells.
You don't have enough magic to cast that spell.
Casting: Flame Tongue (safe; 5% risk of failure)
Confirm with . or Enter, or press ? or * to list all spells.
You don't have enough magic to cast that spell.
Casting: Flame Tongue (safe; 5% risk of failure)
Confirm with . or Enter, or press ? or * to list all spells.
You don't have enough magic to cast that spell.
A kobold is nearby!
You hit the kobold but do no damage. You peck the kobold, but do no damage.
The kobold hits you with a whip.
* * * LOW HITPOINT WARNING * * *
You barely miss the kobold. Your kick misses the kobold. The kobold misses you.
You closely miss the kobold. The kobold hits you with a whip.
You die...

#. #.###########
#...........#
#...........#
############...........#
#.>....................'
#...........(..........#
#......# #(.........#
.......# #...@K.....#
.......# ###'#####.....
.#'#####
#...(........... .#.##
#...(........... ....#
#.............l. ....+
+............... .)..#
#....).......K.. .####
###............... .#
#......####%......


You could see a kobold.

Vanquished Creatures
  2 adders (D:2)
  2 dart slugs (D:1)
  4 leopard geckos
  An orc (D:3)
  A giant cockroach (D:2)
  4 hobgoblins
  4 jackals
  5 kobolds
  2 quokkas
  3 bats (D:2)
  3 frilled lizards
  5 goblins
  5 rats
  2 fungi (D:1)
43 creatures vanquished.

Notes
Turn   | Place    | Note
-------+----------+-------------------------------------------
     0 | D:1      | kae the Tengu Fire Elementalist began the quest for the Orb.
     0 | D:1      | Reached XP level 1. HP: 10/10 MP: 4/4
   196 | D:1      | Reached XP level 2. HP: 14/16 MP: 6/6
   239 | D:1      | Found an ancient bone altar of Kikubaaqudgha.
   973 | D:2      | Learned a level 2 spell: Throw Flame
  1006 | D:2      | Noticed Sigmund
  1043 | D:2      | Reached XP level 3. HP: 16/20 MP: 7/7
  1063 | D:2      | Reached skill level 1 in Fighting
  1282 | D:2      | Reached skill level 4 in Fire Magic
  1884 | D:3      | Found a stormy altar of Qazlal.
  1891 | D:3      | Reached XP level 4. HP: 25/25 MP: 5/8
  2186 | D:3      | Slain by a kobold

Vault maps used:
D:1:      dpeg_arrival_erosion, kennysheep_flooded_box, minmay_gold_behind_fungi
D:2:      uniq_sigmund
D:3:      marbit_many_paths, first_ration, chequers_ecumenical_altar_twisty,
          grunt_qazlal_sundering, uniq_grinder

Skill      XL: |  1  2  3 |
---------------+----------+-----
Conjurations   | 2 3 |  3.4
Fighting       | 1 |  1.4
Fire Magic     | 4 |  4.2
Dodging        | |  2.1
Stealth        | |  2.0
Spellcasting   | |  2.0

Action                   |  1- 3 |  4- 6 || total
-------------------------+-------+-------++-------
Melee: Unarmed           |    73 |     5 ||    78
       Kick              |    23 |     1 ||    24
       Peck              |    10 |     1 ||    11
 Cast: Flame Tongue      |    47 |    20 ||    67
       Throw Flame       |     1 |       ||     1
  Use: Scroll            |     7 |       ||     7
 Stab: Sleeping          |     2 |       ||     2
  Eat: Chunk             |     3 |       ||     3
       Ration            |       |     1 ||     1
Armor: Robe              |     6 |       ||     6
Dodge: Dodged            |    28 |     7 ||    35

Table legend:
 A = Spawn XP
 B = Non-spawn XP
 C = Spawn XP percentage of total XP
 D = Spawn monster count
 E = Non-spawn monster count
 F = Spawn count percentage of total count
 G = Total turns spent on level
                    A         B        C        D         E        F      G
               +---------+---------+-------+---------+---------+-------+---------
         Total |       0 |     101 |   0.0 |       0 |      41 |   0.0 |  2186
               +---------+---------+-------+---------+---------+-------+---------
           D:1 |       0 |      24 |   0.0 |       0 |      11 |   0.0 |   886
           D:2 |       0 |      54 |   0.0 |       0 |      19 |   0.0 |   859
           D:3 |       0 |      23 |   0.0 |       0 |      11 |   0.0 |   441
               +---------+---------+-------+---------+---------+-------+---------
